 Dungeon Crawl Stone Soup version 0.31-a0-233-g139696dc86 (webtiles) character file.

Game seed: 890031737598540415

51 tilp the Sneak (level 3, -5/26 HPs)
             Began as a Vampire Enchanter on July 8, 2023.
             Killed by nerve-wracking pain
             ... invoked by Jessica
              (12 damage)
             ... on level 2 of the Dungeon.
             The game lasted 00:02:27 (1085 turns).

tilp the Sneak (Vampire Enchanter)                  Turns: 1085, Time: 00:02:28

Health: -5/26      AC:  2    Str:  7    XL:     3   Next: 57%
Magic:  1/6        EV: 13    Int: 19    God:
Gold:   22         SH:  0    Dex: 20    Spells: 1/6 levels left

rFire   . . .        a - +1 dagger
rCold   . . .        (no shield)
rNeg    . . .        b - +0 robe
rPois   .            (no helmet)
rElec   .            (no cloak)
rCorr   .            (no gloves)
SInv    +            (no boots)
Will    .....        (no amulet)
Stlth   +++          j - ring of wizardry
HPRegen 0.44/turn    h - +6 ring of dexterity
MPRegen 0.10/turn

%: wizardry (x1)
@: healing quickly, slowed, invisible, very slow
A: alive, fangs 3, see invisible, vampiric 2
a: Exsanguinate


You were on level 2 of the Dungeon.
You visited 1 branch of the dungeon, and saw 2 of its levels.

You collected 22 gold pieces.

Inventory:

Hand Weapons
 a - a +1 dagger (weapon)
Missiles
 k - 21 stones
Armour
 b - a +0 robe (worn)
Jewellery
 g - a ring of flight
 h - a +6 ring of dexterity (right hand)
 j - a ring of wizardry (left hand)
 l - a ring of fire
Scrolls
 d - a scroll of blinking {unknown}
Potions
 c - a potion of invisibility
 f - a potion of brilliance
 i - a potion of resistance {unknown}


   Skills:
 * Level 1.1 Fighting
 * Level 2.0 Short Blades
 + Level 2.5 Dodging
 + Level 4.9 Stealth
 * Level 2.4 Spellcasting
 + Level 4.6 Hexes


You had one spell level left.
You knew the following spells:

 Your Spells              Type           Power      Damage    Failure   Level
a - Ensorcelled Hibernat  Hex/Ice        22%        N/A       4%          2
b - Confusing Touch       Hex            19%        N/A       3%          3

Your spell library contained the following spells:

 Spells                   Type           Power      Damage    Failure   Level
 Kiss of Death            Conj/Necr      8%         2d6       6%          1
 Tukima's Dance           Hex            19%        N/A       3%          3
 Dazzling Flash           Conj/Hex       22%        N/A       8%          3
 Dispel Undead            Necr           2%         3d7       52%         4


Dungeon Overview and Level Annotations

Branches:
Dungeon (2/15)

Altars:

Annotations:
D:2 Jessica


Innate Abilities, Weirdness & Mutations

Your natural rate of healing is accelerated.
You have razor-sharp teeth.
You have supernaturally acute eyesight. (SInv)
You are afflicted with vampirism and can become a bat while bloodless.


Message History

Casting: Ensorcelled Hibernation (safe; 4% risk of failure)
Confirm with . or Enter, or press ? or * to list all spells.
Aiming: Ensorcelled Hibernation (safe; 4% risk of failure)
Press: ? - help, Shift-Dir - straight line, f/p - Jessica
Aim: Jessica, wielding a +0 dagger and wearing a +0 robe (spells empowered, chance to affect: 53%) Jessica resists with significant effort.
Jessica points at you and mumbles some strange words.
Pain shoots through your body!
Unknown command.
Casting: Ensorcelled Hibernation (safe; 4% risk of failure)
Confirm with . or Enter, or press ? or * to list all spells.
You don't have enough magic to cast this spell.
Unknown command.
Unknown command.
Jessica points at you and mumbles some strange words.
You feel yourself slow down.
You fade into invisibility!
The kobold throws a stone.
The stone hits Jessica but does no damage.
Jessica grins evilly.
Jessica gestures wildly while chanting.
Jessica blinks!
Unknown command.
The kobold throws a stone.
The stone barely misses you.
The kobold throws a stone.
The stone closely misses you.
Jessica points at you and mumbles some strange words.
Pain shoots through your body!
* * * LOW HITPOINT WARNING * * *
You hit the kobold but do no damage.
Jessica casts a spell.
Jessica blinks!
The kobold completely misses you.
You closely miss the kobold. The kobold misses you.
The kobold hits you but does no damage.
You closely miss the kobold. You bite the kobold, but do no damage.
The kobold barely misses you.
You hit the kobold.
You kill the kobold!
Jessica points at you and mumbles some strange words.
Pain shoots through your body!
You die...

..#.....####.>...#...........
.........# #.####...##..#....
.........###.# #.#.##.###..#
.............###.......# #..#
..#........####........ ..#..
# ##.......# ##...........#..
#.......# #............#..
#.......###........... #[.
#....)...@)......... #..
#.......###...@..... #..
#.......# ####...... #..
#......$# ...... #..
#.......# ..... #.. #.......#
..... #.. ######### #### #..
###


You could see Jessica (empowered, unable to see you).

Vanquished Creatures
  An adder (D:2)
  A worm (D:2)
  A dart slug (D:1)
  2 ball pythons
  2 endoplasms (D:1)
  3 giant cockroaches (D:1)
  3 goblins
  4 hobgoblins
  4 jackals (D:1)
  3 kobolds
  5 bats (D:1)
  2 frilled lizards (D:1)
  3 rats
34 creatures vanquished.

Notes
Turn   | Place    | Note
-------+----------+-------------------------------------------
     0 | D:1      | tilp the Vampire Enchanter began the quest for the Orb.
     0 | D:1      | Reached XP level 1. HP: 13/13 MP: 3/3
    89 | D:1      | Reached XP level 2. HP: 18/20 MP: 5/5
   102 | D:1      | Learned a level 2 spell: Ensorcelled Hibernation
   527 | D:1      | Reached skill level 1 in Fighting
   614 | D:1      | Gained mutation: You are afflicted with vampirism and can
                  | become a bat while bloodless. [Vampire growth]
   614 | D:1      | Reached XP level 3. HP: 21/26 MP: 3/6
   740 | D:1      | Learned a level 3 spell: Confusing Touch
  1067 | D:2      | Noticed Jessica
  1085 | D:2      | Killed from afar by Jessica

Illustrated notes

Levels and vault maps discovered:
D:1:      dpeg_arrival_rhombus, layout_basic
D:2:      layout_rooms, basic_altar, uniq_jessica

Skill      XL: |  1  2  3 |
---------------+----------+-----
Fighting       | 1 |  1.1
Short Blades   | 2 |  2.0
Dodging        | |  2.5
Stealth        | |  4.9
Spellcasting   | |  2.4
Hexes          | |  4.6

Action                     || total
---------------------------++-------
  Melee: Dagger            ||   108
         Bite              ||    10
   Cast: Ensorcelled Hiber ||    23
    Use: Scroll            ||     2
         Potion            ||     1
   Stab: Sleeping          ||    17
 Armour: Robe              ||    22
  Dodge: Dodged            ||    68

Table legend: (Time is in decaauts)
 A = Elapsed time spent in this place.
 B = Non-inter-level travel time spent in this place.
 C = Inter-level travel time spent in this place.
 D = Time resting spent in this place.
 E = Time spent auto-exploring this place.
 F = Levels seen in this place.
 G = Mean time per level.
                   A        B        C        D        E       F      G
               +--------+--------+--------+--------+--------+-----+--------+
         Total |   1079 |   1038 |     41 |     74 |    662 |   2 |  539.5 |
       Dungeon |   1079 |   1038 |     41 |     74 |    662 |   2 |  539.5 |
               +--------+--------+--------+--------+--------+-----+--------+

Top non-repeatable levels by time:
     D:1: 816 daAuts
     D:2: 263 daAuts
